 Dungeon Crawl Stone Soup version 0.22-a0-458-gb446440d2e (webtiles) character file.

155 Ireaine the Chopper (level 5, -1/47 HPs)
             Began as a Hill Orc Berserker on June 8, 2018.
             Was a Believer of Trog.
             Killed by divine providence
             ... invoked by an orc priest
              (10 damage)
             ... on level 3 of the Dungeon.
             The game lasted 00:06:06 (3080 turns).

Ireaine the Chopper (Hill Orc Berserker)            Turns: 3080, Time: 00:06:07

Health: -1/47      AC:  6    Str: 20    XL:     5   Next: 37%
Magic:  5/5        EV: 11    Int:  7    God:    Trog [**....]
Gold:   95         SH:  0    Dex: 11    Spells: 4/4 levels left

rFire    . . .     SeeInvis .   o - +1 war axe (chop)
rCold    . . .     Gourm    +   (no shield)
rNeg     . . .     Faith    .   f - +1 ring mail
rPois    .         Spirit   .   (no helmet)
rElec    .         Reflect  .   (no cloak)
rCorr    .         Harm     .   (no gloves)
MR       ++...                  (no boots)
Stlth    +.........             k - amulet of the gourmand
HPRegen  1.15/turn              (no ring)
MPRegen  0.09/turn              (no ring)

@: regenerating
A: no striking features
a: Berserk, Trog's Hand, Renounce Religion, Convert to Beogh


You were on level 3 of the Dungeon.
You worshipped Trog.
Trog was pleased with you.
You were not hungry.

You visited 1 branch of the dungeon, and saw 3 of its levels.

You collected 95 gold pieces.

Inventory:

Hand Weapons
 o - a +1 war axe of chopping (weapon)
Armour
 f - a +1 ring mail (worn)
Jewellery
 j - an uncursed ring of fire
 k - an amulet of the gourmand (around neck)
Scrolls
 a - a scroll of remove curse
 d - a scroll of teleportation
 h - 2 scrolls of enchant weapon
Potions
 c - a potion of flight {unknown}
 e - a potion of agility {unknown}
 g - a potion of degeneration {unknown}
 l - a potion of berserk rage {unknown}


   Skills:
 + Level 4.5 Fighting
 * Level 5.8 Axes
 + Level 3.2 Armour
 + Level 2.4 Dodging


You had 4 spell levels left.
You didn't know any spells.
Your spell library was empty.

Dungeon Overview and Level Annotations

Branches:
Dungeon (3/15)

Altars:
Elyvilon
Kikubaaqudgha
Okawaru


Message History

You feel resistant to hostile enchantments.
You feel somewhat more hungry.
The orc priest looks encouraged for a moment.
The orc priest invokes the aid of Beogh against you.
Beogh smites you!
* * * LOW HITPOINT WARNING * * *
The orc hits you but does no damage.
You hit the orc.
You kill the orc!
Trog accepts your kill.
The orc priest shouts, "Join the one true god or die!"
You slash the orc priest!
You kill the orc priest!
Trog accepts your kill. The orc priest closely misses you.
You slash the orc priest!
The orc priest is almost dead.
The orc priest invokes the aid of Beogh against you.
Beogh smites you!
You die...

#####.# ##.
###.# ##..
##.#.# ##...
##....###....
#.......+....
##....###....
########.#.#
#...
#........#.#
##..
#@######.#.#
##. #o# #.#.#
## #.# #.#.#
##### #.#
...#. #....
#.# #.#
###.### #.#
#.. ....[..
#.# ..
###.... #..
####. ##


You could see an orc priest.

Vanquished Creatures
  An orc priest (D:3)
  An orc wizard (D:3)
  4 adders
  5 orcs (D:3)
  5 giant cockroaches
  3 goblins
  8 hobgoblins
  A jackal (D:2)
  11 kobolds
  2 quokkas (D:3)
  8 bats
  3 frilled lizards
  6 rats
58 creatures vanquished.

Notes
Turn   | Place    | Note
-------+----------+-------------------------------------------
     0 | D:1      | Ireaine the Hill Orc Berserker began the quest for the Orb.
     0 | D:1      | Reached XP level 1. HP: 19/19 MP: 1/1
   402 | D:1      | Reached XP level 2. HP: 23/27 MP: 2/2
  1076 | D:1      | Reached XP level 3. HP: 31/33 MP: 3/3
  1715 | D:2      | Reached ** piety under Trog
  1732 | D:2      | Reached skill level 5 in Axes
  1782 | D:2      | Reached XP level 4. HP: 33/40 MP: 4/4
  2091 | D:2      | Found an iron altar of Okawaru.
  2788 | D:3      | Found a white marble altar of Elyvilon.
  2891 | D:3      | Reached XP level 5. HP: 44/47 MP: 5/5
  2940 | D:3      | Found an ancient bone altar of Kikubaaqudgha.
  3080 | D:3      | Killed from afar by an orc priest

Vault maps used:
D:1:      onia_arrival_larder
D:2:      lemuel_doored_altar, minmay_bisected
D:3:      elyvilon_altar_5, lemuel_round_altar

Skill      XL: |  1  2  3  4 |
---------------+-------------+-----
Fighting       | 4 |  4.5
Axes           | 5 |  5.8
Dodging        | 2 |  2.4
Armour         | 3 |  3.2

Action                   |  1- 3 |  4- 6 || total
-------------------------+-------+-------++-------
Melee: Hand axe          |   122 |    30 ||   152
       War axe           |       |    50 ||    50
Invok: Berserk           |       |     1 ||     1
       Trog's Hand       |       |     1 ||     1
  Use: Scroll            |     2 |     7 ||     9
 Stab: Sleeping          |     1 |       ||     1
  Eat: Chunk             |     2 |       ||     2
       Ration            |     1 |     1 ||     2
Armor: Animal skin       |    26 |       ||    26
       Ring mail         |    18 |    35 ||    53
Dodge: Dodged            |    89 |    48 ||   137

Table legend:
 A = Spawn XP
 B = Non-spawn XP
 C = Spawn XP percentage of total XP
 D = Spawn monster count
 E = Non-spawn monster count
 F = Spawn count percentage of total count
 G = Total turns spent on level
                    A         B        C        D         E        F      G
               +---------+---------+-------+---------+---------+-------+---------
         Total |       0 |     222 |   0.0 |       0 |      58 |   0.0 |  3080
               +---------+---------+-------+---------+---------+-------+---------
           D:1 |       0 |      38 |   0.0 |       0 |      26 |   0.0 |  1593
           D:2 |       0 |      61 |   0.0 |       0 |      16 |   0.0 |   696
           D:3 |       0 |     123 |   0.0 |       0 |      16 |   0.0 |   791
               +---------+---------+-------+---------+---------+-------+---------
